Map: Disco Bloodbath LE

Players

soO

  • Race: Zerg Zerg
  • Spawn Location: 9:00

Dark - Winner!

  • Race: Zerg Zerg
  • Spawn Location: 3:00

Event: 2019 WCS Global FInals

VOD

Have the link to the VOD?

Description

Time

  • Played on: Oct. 24, 2019, 3:41 a.m.
  • Length: 9:01

All games in this series

Show
View Real Time Build Order
Export as new Build Order

soO Zerg 

Build Orders: Hatch First 

Get SALT Encoding   

  12  0:00  Drone  
  13  0:12  Overlord  
  13  0:16  Drone  
  14  0:30  Drone x2  
  16  0:46  Hatchery  
  15  0:50  Drone  
  15  0:53  Drone  
  17  0:57  Drone  
  18  1:07  Extractor  
  17  1:12  Spawning Pool  
  17  1:15  Drone  
  17  1:18  Drone  
  18  1:27  Drone  
  19  1:38  Drone  
  20  1:49  Overlord  
  20  1:58  Queen  
  20  1:59  Queen  
  20  2:00  Zergling x2  
  25  2:01  Drone  
  26  2:09  Drone  
  26  2:12  Drone  
  28  2:21  Drone  
  28  2:22  Metabolic Boost  
  29  2:23  Drone  
  30  2:33  Hatchery  
  30  2:34  Drone  
  30  2:40  Queen  
  32  2:45  Overlord  
  32  2:48  Drone  
  33  2:54  Baneling Nest  
  33  2:57  Drone  
  33  2:58  Drone  
  34  3:01  Zergling x2  
  34  3:03  Drone  
  36  3:06  Drone  
  36  3:09  Drone  
  38  3:13  Drone  
  38  3:14  Drone  
  38  3:19  Overlord  
  40  3:20  Zergling x2  
  40  3:23  Drone x2  
  43  3:28  Overlord  
  43  3:32  Drone  
  44  3:39  Drone x2  
  46  3:42  Drone  
  46  3:44  Lair  
  46  3:45  Drone  
  46  3:47  Drone  
  49  3:49  Drone  
  49  3:51  Drone  
  49  3:52  Evolution Chamber, Drone  
  51  3:58  Drone x3, Extractor  
  51  3:59  Extractor  
  51  4:00  Drone  
  53  4:04  Drone x2  
  55  4:11  Roach Warren  
  55  4:13  Drone x2  
  56  4:18  Drone x3  
  56  4:19  Zerg Missile Weapons Level 1  
  56  4:22  Drone  
  60  4:28  Overlord  
  60  4:29  Drone x2  
  62  4:31  Drone  
  62  4:32  Baneling, Drone  
  62  4:33  Drone  
  62  4:34  Extractor  
  62  4:35  Extractor  
  62  4:36  Drone x2  
  65  4:44  Overlord  
  65  4:48  Overlord  
  65  4:52  Overlord, Glial Reconstitution  
  65  5:00  Drone  
  65  5:02  Drone, Extractor  
  65  5:04  Roach x7  
  82  5:07  Roach  
  82  5:08  Baneling  
  82  5:09  Roach  
  82  5:12  Roach  
  84  5:14  Roach  
  78  5:25  Roach  
  78  5:26  Roach x2  
  78  5:27  Drone, Roach x2  
  78  5:28  Drone  
  81  5:30  Drone  
  81  5:36  Roach  
  81  5:37  Roach  
  81  5:42  Roach  
  87  5:44  Roach  
  87  5:48  Roach x2  
  93  5:55  Roach  
  95  5:58  Roach  
  95  5:59  Overlord  
  97  6:04  Overlord  
  97  6:08  Overlord  
  97  6:11  Overlord  
  97  6:15  Overlord  
  97  6:16  Overlord  
  97  6:25  Roach x2  
  101  6:26  Roach  
  101  6:28  Roach x2  
  101  6:30  Roach  
  103  6:36  Roach  
  103  6:37  Roach  
  103  6:39  Roach x2  
  97  6:40  Roach x2  
  97  6:41  Roach x2  
  97  6:47  Ravager x3  
  107  6:48  Ravager, Roach  
  107  6:49  Roach x2  
  107  6:50  Queen  
  107  6:53  Roach  
  119  6:58  Overseer  
  119  7:01  Roach x2  
  123  7:03  Roach  
  125  7:10  Roach x2  
  125  7:13  Roach  
  125  7:15  Roach x3  
  135  7:23  Roach  
  135  7:25  Roach  
  135  7:28  Roach  
  133  7:31  Roach x2  
  131  7:38  Roach  
  131  7:41  Ravager, Roach  
  131  7:42  Roach  
  131  7:43  Roach  
  136  7:46  Ravager  
  136  7:47  Roach x2  
  136  7:51  Roach  
  136  7:55  Roach  
  136  7:58  Overlord  
  138  8:00  Overlord  
  138  8:07  Overlord  
  138  8:08  Overlord  
  138  8:18  Ravager  
  138  8:19  Roach x3  
  141  8:23  Roach  
  141  8:26  Ravager  
  142  8:28  Roach x4  
  142  8:30  Roach x3  
  142  8:33  Roach  
  153  8:34  Roach  
  153  8:38  Roach  
  137  8:41  Roach  
Show
View Real Time Build Order
Export as new Build Order

Dark Zerg - Winner!

Build Orders: Hatch First 

Get SALT Encoding   

  12  0:00  Drone  
  13  0:12  Overlord  
  13  0:17  Drone  
  14  0:31  Drone x2  
  16  0:50  Hatchery  
  16  0:54  Drone  
  16  0:58  Drone  
  16  1:01  Drone  
  18  1:12  Extractor  
  18  1:15  Spawning Pool  
  18  1:17  Drone  
  17  1:20  Drone  
  18  1:30  Drone  
  19  1:39  Drone  
  20  1:49  Drone  
  21  2:00  Overlord  
  21  2:03  Queen x2  
  21  2:06  Zergling x2  
  26  2:12  Drone  
  26  2:14  Drone, Metabolic Boost  
  28  2:24  Drone  
  28  2:26  Drone  
  30  2:37  Drone, Hatchery  
  31  2:40  Zergling x2  
  31  2:46  Queen  
  33  2:52  Overlord  
  33  2:54  Drone  
  33  2:56  Drone  
  35  3:07  Baneling Nest  
  35  3:08  Drone x2  
  36  3:13  Drone x3  
  36  3:19  Drone x2  
  41  3:22  Overlord  
  41  3:30  Drone x3  
  41  3:33  Overlord  
  44  3:45  Zergling x4  
  46  3:48  Drone x3  
  46  3:50  Drone x2  
  46  3:54  Queen  
  52  3:55  Evolution Chamber  
  52  3:57  Drone  
  52  3:58  Drone x2  
  52  4:02  Extractor  
  53  4:04  Baneling  
  53  4:06  Drone x3  
  53  4:09  Drone  
  57  4:11  Lair  
  57  4:13  Overlord  
  57  4:15  Drone  
  58  4:19  Drone x3  
  58  4:21  Drone  
  58  4:23  Drone  
  63  4:31  Zergling x4  
  63  4:32  Zergling x10  
  63  4:36  Zerg Missile Weapons Level 1  
  63  4:38  Zergling x6  
  73  4:45  Baneling x2  
  73  4:47  Roach Warren  
  73  4:48  Drone x2  
  74  4:53  Overlord, Extractor  
  74  4:54  Extractor  
  74  4:57  Overlord  
  72  5:02  Drone  
  72  5:03  Drone, Baneling  
  72  5:04  Baneling  
  73  5:09  Drone x2  
  73  5:13  Zergling x14  
  79  5:17  Drone  
  79  5:19  Drone x2  
  82  5:27  Drone x2, Roach x4  
  88  5:29  Roach  
  89  5:36  Overlord  
  89  5:37  Overlord, Overseer  
  89  5:39  Glial Reconstitution  
  89  5:40  Overlord  
  89  5:41  Extractor  
  89  5:42  Overlord, Extractor  
  89  5:50  Roach, Spine Crawler  
  89  5:53  Overlord  
  89  5:54  Roach  
  90  6:00  Roach  
  92  6:04  Roach  
  92  6:05  Roach x3  
  92  6:09  Overlord  
  92  6:10  Roach x4  
  108  6:15  Nydus Network  
  108  6:16  Roach x3  
  112  6:26  Roach x2  
  112  6:29  Roach  
  112  6:31  Roach  
  110  6:33  Roach x3  
  110  6:34  Roach x2  
  110  6:35  Roach  
  110  6:37  Roach  
  118  6:40  Roach  
  118  6:42  Roach x2  
  118  6:44  Roach  
  124  6:48  Roach  
  124  6:49  Roach  
  124  6:52  Ravager  
  124  6:53  Ravager  
  124  6:54  Roach  
  132  6:58  Overlord  
  132  6:59  Roach x3  
  132  7:00  Overlord  
  138  7:06  Overlord  
  138  7:09  Overlord  
  138  7:13  Overlord  
  138  7:15  Overlord  
  138  7:18  Roach x3  
  142  7:23  Ravager x2  
  142  7:24  Roach  
  142  7:26  Roach  
  142  7:28  Roach  
  142  7:29  Roach  
  148  7:31  Roach  
  148  7:34  Roach  
  144  7:37  Roach  
  144  7:38  Roach  
  144  7:39  Roach  
  144  7:41  Ravager  
  144  7:42  Roach  
  153  7:44  Roach  
  153  7:46  Roach  
  153  7:48  Overseer, Roach  
  153  7:52  Roach x2  
  157  8:04  Roach  
  157  8:05  Roach x5  
  169  8:07  Ravager  
  169  8:08  Ravager  
  169  8:11  Nydus Canal  
  171  8:17  Roach  
  171  8:18  Roach x3  
  177  8:25  Roach  
  177  8:26  Roach x3  
  183  8:28  Ravager  
  183  8:33  Roach  
Tags
 
Add a new tag
Caveats
  • Supply blocks, unpowered buildings, or Contaminate may cause inaccurate times.
  • Supply counts are checked every 10 seconds.